Map: Blueshift LE

Players

Clem

  • Race: Terran Terran
  • League: Grandmaster
  • Spawn Location: 1:00

Lambo - Winner!

  • Race: Zerg Zerg
  • League: Master
  • Spawn Location: 7:00

VOD

Have the link to the VOD?

Description

Time

  • Played on: Jan. 8, 2019, 1:31 p.m.
  • Length: 28:43
Show
View Real Time Build Order
Export as new Build Order

Clem Terran 

Build Orders: Gas First Reaper Expand, Hellion Opening 

Get SALT Encoding   

  12  0:03  SCV  
  13  0:15  SCV  
  13  0:19  Supply Depot  
  14  0:27  SCV  
  15  0:29  Refinery  
  15  0:40  SCV  
  16  0:44  Barracks  
  16  0:52  SCV  
  17  1:04  SCV  
  18  1:18  SCV  
  19  1:33  Reaper, Orbital Command  
  20  1:43  Command Center  
  20  1:52  Factory  
  20  1:59  SCV  
  21  2:05  Supply Depot  
  21  2:08  Barracks Reactor  
  21  2:11  SCV  
  21  2:15  Refinery  
  22  2:24  SCV  
  23  2:36  SCV  
  24  2:43  Starport  
  24  2:48  SCV  
  25  2:52  Hellion x2  
  25  2:55  Barracks Tech Lab  
  25  2:57  Orbital Command  
  29  3:00  SCV  
  31  3:12  SCV  
  31  3:15  Marauder  
  31  3:17  Hellion x2  
  37  3:26  SCV  
  39  3:28  Viking  
  40  3:34  SCV  
  40  3:36  Supply Depot  
  40  3:37  Marauder  
  43  3:41  Hellion  
  43  3:47  Concussive Shells  
  45  3:50  SCV  
  46  3:58  SCV, Hellion  
  46  3:59  Supply Depot  
  46  4:00  Medivac  
  51  4:03  Marauder  
  53  4:11  Armory  
  53  4:15  SCV  
  54  4:18  Liberator  
  54  4:21  Hellion x2  
  54  4:24  SCV, Supply Depot  
  62  4:41  Supply Depot  
  66  4:45  SCV x2  
  66  4:46  Hellion x2  
  66  4:57  SCV x2  
  66  4:59  Marine  
  69  5:09  SCV x2  
  69  5:13  Command Center  
  70  5:14  Hellion x2  
  66  5:22  SCV x2  
  64  5:33  Stimpack  
  64  5:34  Starport Reactor, SCV x2  
  60  5:37  Barracks x2, Hellion  
  60  5:39  Hellion  
  60  5:46  SCV, Engineering Bay x2  
  61  5:50  Refinery  
  61  5:51  Refinery  
  61  5:53  Marine  
  61  5:55  SCV  
  63  5:59  Supply Depot  
  63  6:00  SCV  
  64  6:09  Hellion  
  64  6:12  Barracks  
  64  6:13  Barracks  
  64  6:14  Terran Infantry Armor Level 1, Terran Infantry Weapons Level 1  
  64  6:18  SCV x2  
  64  6:19  Factory Reactor  
  64  6:20  Marine  
  67  6:28  Orbital Command  
  67  6:30  Starport Reactor  
  67  6:32  SCV  
  68  6:33  Marine  
  68  6:34  Marine x3  
  68  6:39  Marine  
  73  6:40  SCV  
  73  6:44  SCV  
  75  6:51  Marine x2, Factory  
  75  6:52  Marine  
  75  6:54  Orbital Command  
  78  6:59  Widow Mine x2  
  78  7:00  Barracks Reactor x2  
  78  7:01  Supply Depot x2  
  82  7:02  Supply Depot  
  82  7:04  Marine x2  
  84  7:13  Medivac x2  
  84  7:14  Marine, SCV x2  
  91  7:15  Marine  
  91  7:20  SCV  
  91  7:22  Supply Depot  
  93  7:26  SCV  
  93  7:28  SCV  
  86  7:30  Marine  
  86  7:31  Marine  
  86  7:32  SCV  
  86  7:39  Supply Depot  
  86  7:40  Factory Tech Lab  
  86  7:41  Widow Mine x2  
  86  7:42  SCV x2  
  92  7:44  Medivac x2  
  92  7:45  Marine x3  
  92  7:46  Marine x3  
  92  7:47  Marine  
  92  7:49  Marine  
  104  7:53  Terran Vehicle And Ship Armor Level 1  
  104  7:55  SCV x2  
  104  7:58  Drilling Claws  
  106  7:59  Widow Mine  
  106  8:01  Marine  
  106  8:02  Widow Mine  
  106  8:03  Marine  
  106  8:04  Marine  
  113  8:06  Combat Shield  
  113  8:08  Marine x2  
  113  8:10  Marine, Widow Mine  
  115  8:15  SCV x2  
  115  8:16  Terran Infantry Weapons Level 2  
  117  8:25  Marine, Widow Mine x2  
  117  8:26  Marine x2  
  113  8:36  Widow Mine  
  113  8:39  Marine  
  113  8:40  Marine, SCV  
  107  8:43  Medivac x2  
  107  8:45  Marine x2  
  107  8:46  Marine x5  
  107  8:47  Refinery, Command Center  
  118  8:55  Bunker  
  118  8:57  Marine, Widow Mine x2, Supply Depot  
  123  9:04  Marauder  
  125  9:10  Marine x7  
  125  9:14  Barracks x2  
  125  9:15  Marine  
  133  9:17  Barracks  
  133  9:23  Widow Mine  
  135  9:25  Marine  
  135  9:27  Marine  
  135  9:28  Marine  
  135  9:30  Sensor Tower  
  138  9:36  Marine x6, Widow Mine x2  
  148  9:45  Marine  
  149  9:57  Supply Depot  
  149  9:59  Marauder, Widow Mine x3, Supply Depot x2, Terran Vehicle And Ship Armor Level 2, Medivac x2  
  161  10:05  Marine  
  160  10:10  Terran Infantry Armor Level 2  
  160  10:19  Marine  
  160  10:20  Marauder, Widow Mine x2  
  165  10:28  Marine  
  153  10:29  Liberator, Unknown x2, Medivac  
  153  10:33  Marine x6  
  149  10:36  Marine  
  149  10:41  Liberator  
  149  10:42  Marauder, Barracks Tech Lab x3  
  142  10:46  Marine  
  142  10:49  SCV x2  
  148  10:51  Marine x2  
  148  10:55  Marine x5  
  155  10:59  Planetary Fortress  
  155  11:03  Marauder, Widow Mine  
  155  11:04  Marine x2  
  156  11:11  Widow Mine  
  156  11:15  Widow Mine  
  156  11:16  Marine x7  
  154  11:23  Marine x3, Marauder  
  154  11:24  Widow Mine  
  154  11:25  Marauder  
  151  11:28  Starport  
  151  11:31  Fusion Core  
  151  11:34  Marine x3  
  151  11:37  SCV x3  
  151  11:38  Marine x3  
  151  11:39  Refinery  
  160  11:40  Marine, Refinery  
  160  11:41  Marauder  
  160  11:46  Marauder  
  165  11:47  Terran Infantry Weapons Level 3  
  165  11:49  Marine x3  
  165  11:51  Marine  
  165  11:52  Marine x2  
  171  11:55  Supply Depot  
  171  12:00  Widow Mine  
  170  12:03  Marine x2  
  170  12:04  Marauder  
  174  12:11  Widow Mine  
  174  12:12  Widow Mine  
  174  12:14  Marine x2, Marauder  
  182  12:18  Marine, Marauder  
  182  12:21  Widow Mine  
  180  12:24  Marine x4, Marauder  
  180  12:25  Marine, Marauder  
  189  12:31  Marine, Terran Ship Weapons Level 1  
  189  12:32  Marine, Terran Infantry Armor Level 3  
  189  12:35  Marine, Starport Tech Lab  
  178  12:44  Medivac  
  178  12:50  Command Center  
  180  12:55  Liberator x2  
  180  12:59  Marine x4, Marauder  
  180  13:00  Marine  
  180  13:01  Marine x2  
  180  13:04  Marine x2  
  180  13:05  Marauder  
  193  13:07  Widow Mine  
  193  13:11  Marauder  
  196  13:17  Marine, Advanced Ballistics  
  193  13:23  Widow Mine  
  193  13:25  Supply Depot  
  195  13:30  Widow Mine  
  195  13:33  Widow Mine, Unknown  
  187  13:36  Marauder x4  
  187  13:37  Ghost Academy  
  195  13:41  Refinery  
  195  13:42  Marine  
  196  13:53  Unknown x2  
  196  13:55  Widow Mine  
  195  13:56  Viking x3  
  175  14:14  Marine x4  
  171  14:19  Widow Mine  
  171  14:23  Ghost x2  
  167  14:24  Neosteel Armor  
  167  14:25  Ghost x2  
  167  14:27  Marine  
  167  14:30  Viking  
  168  14:34  Viking  
  168  14:36  Marine x2, Viking  
  172  14:38  Marine  
  172  14:39  Marine x2  
  172  14:40  Widow Mine  
  177  14:52  Marauder  
  177  14:55  Ghost  
  177  14:58  Marine x2  
  181  15:00  Viking  
  181  15:04  Viking  
  181  15:06  Viking  
  187  15:10  Ghost x2  
  191  15:19  Command Center  
  190  15:26  Thor  
  196  15:39  Orbital Command  
  196  15:41  Ghost  
  198  15:45  Ghost  
  198  15:47  Marine, Widow Mine  
  198  15:48  Marine  
  198  15:52  Ghost  
  198  15:53  SCV  
  198  15:54  SCV  
  198  15:55  Widow Mine  
  198  15:56  SCV  
  192  15:58  Marine, Marauder  
  192  16:01  SCV  
  196  16:06  Unknown x4, Medivac  
  196  16:07  Unknown  
  196  16:11  Widow Mine  
  191  16:22  Unknown x2  
  191  16:23  Ghost  
  191  16:24  Personal Cloaking  
  183  16:32  Marine x7  
  176  16:33  Siege Tank  
  175  16:40  Planetary Fortress  
  175  16:48  Widow Mine  
  144  17:01  Medivac  
  174  17:03  Marine  
  174  17:08  Marine x3, Marauder, Widow Mine  
  179  17:09  Widow Mine  
  179  17:10  Widow Mine  
  180  17:17  Ghost x2  
  180  17:19  Marine  
  184  17:24  Marine x2  
  184  17:25  Marauder  
  184  17:26  Marine x2  
  184  17:29  Widow Mine  
  194  17:30  Marauder  
  194  17:31  Widow Mine  
  174  17:52  Viking x2  
  174  17:55  Ghost  
  174  17:58  Marine x8  
  167  18:00  Widow Mine  
  168  18:06  Medivac  
  168  18:07  Ghost  
  168  18:08  Marine x2  
  174  18:16  Marine x4  
  174  18:18  SCV x5  
  183  18:20  Refinery x2  
  183  18:22  Liberator  
  183  18:23  Marine, Widow Mine  
  183  18:24  Marine x3, Ghost  
  191  18:27  Widow Mine  
  191  18:30  Liberator, SCV x2  
  198  18:45  Liberator  
  196  18:50  Widow Mine  
  176  18:56  Ghost  
  176  18:58  Unknown  
  176  18:59  Unknown  
  166  19:03  Widow Mine  
  166  19:04  Marine x5  
  166  19:06  Widow Mine  
  166  19:07  Marauder  
  162  19:12  Widow Mine  
  162  19:13  Marine x2  
  157  19:22  Viking  
  160  19:24  Widow Mine  
  160  19:25  Ghost  
  160  19:28  Marine, Ghost  
  160  19:29  Marine  
  160  19:31  Marine  
  162  19:34  Marine x2  
  162  19:38  Liberator  
  165  19:39  Marine x2  
  165  19:41  Liberator  
  167  19:46  Ghost x2  
  173  20:00  Ghost  
  173  20:05  Cyclone  
  176  20:07  Widow Mine  
  176  20:14  Ghost  
  177  20:23  Widow Mine  
  177  20:24  Marine  
  173  20:32  Viking  
  158  20:37  Widow Mine  
  158  20:38  Viking  
  158  20:42  Ghost  
  159  20:49  Liberator, Ghost  
  159  20:51  Marine x10  
  169  20:58  Planetary Fortress, Refinery  
  169  21:01  Refinery, SCV x2  
  171  21:09  Marine x4  
  171  21:10  Unknown x2  
  171  21:11  Marine  
  178  21:17  Ghost  
  181  21:18  Marine  
  181  21:19  Marine x2  
  182  21:32  Ghost x2  
  172  21:47  Viking  
  172  21:48  Marine, Viking  
  172  21:49  Viking  
  179  22:00  Liberator x2, Ghost  
  177  22:02  Marine x10  
  177  22:03  Widow Mine  
  177  22:06  Marine  
  184  22:17  Starport  
  184  22:20  Marine x4, Ghost  
  196  22:23  Unknown x2  
  196  22:25  Unknown  
  196  22:28  Unknown  
  192  22:31  Ghost  
  192  22:35  Viking  
  192  22:36  Marine  
  192  22:37  Marine  
  178  22:57  Ghost x3  
  178  22:58  Marine x4  
  167  22:59  Medivac  
  167  23:00  Marine, Viking x2  
  167  23:04  Ghost  
  171  23:13  Viking  
  171  23:14  Marine x2  
  171  23:18  Marine  
  152  23:29  Widow Mine, Viking  
  152  23:33  Viking  
  109  23:36  Marine x3  
  109  23:37  Marauder  
  109  23:41  Marine  
  80  23:50  Ghost  
  80  23:52  Marine  
  81  24:02  Medivac x2  
  85  24:05  SCV  
  85  24:07  SCV  
  87  24:14  Unknown x5  
  87  24:15  Unknown x12  
  87  24:23  Ghost x2  
  87  24:24  Liberator  
  91  24:31  SCV  
  91  24:32  SCV x2  
  91  24:36  Liberator  
  94  24:42  Liberator  
  94  24:44  Liberator  
  100  25:06  Liberator  
  100  25:07  Unknown  
  106  25:19  Liberator  
  106  25:20  Ghost  
  108  25:30  Ghost  
  108  25:32  Unknown x2  
  110  25:38  Widow Mine x2  
  115  25:53  Ghost x3  
  115  25:56  Unknown  
  119  26:11  Viking  
  121  26:21  Viking x2  
  121  26:22  Liberator  
  121  26:24  Liberator  
  128  26:42  Ghost  
  128  26:45  Marine x2  
  133  27:05  Viking x2  
  137  27:28  Orbital Command  
  137  27:30  Viking x2  
  137  27:35  Viking x2, Unknown x2  
  137  27:36  Unknown  
  145  27:37  Unknown  
  145  27:44  Unknown x4  
  145  27:47  Marine x8, Orbital Command  
  153  27:51  Unknown  
  151  28:05  Missile Turret  
  149  28:06  Missile Turret  
  149  28:12  Ghost  
Show
View Real Time Build Order
Export as new Build Order

Lambo Zerg - Winner!

Build Orders: Hatch First 

Get SALT Encoding   

  12  0:04  Drone  
  13  0:15  Overlord  
  13  0:19  Drone  
  14  0:33  Drone x2  
  16  0:48  Hatchery  
  15  0:51  Drone  
  15  0:55  Drone  
  17  0:59  Drone  
  18  1:10  Extractor  
  17  1:14  Spawning Pool  
  17  1:17  Drone  
  17  1:20  Drone  
  18  1:30  Drone  
  19  1:42  Drone  
  20  1:52  Drone  
  21  2:00  Queen x2  
  25  2:01  Zergling x2  
  25  2:03  Zergling x2  
  27  2:20  Hatchery  
  27  2:21  Overlord  
  26  2:23  Drone  
  26  2:26  Drone  
  28  2:38  Metabolic Boost  
  28  2:39  Drone x3  
  31  2:47  Drone  
  31  2:50  Queen  
  33  2:53  Overlord  
  33  2:58  Drone  
  33  3:04  Drone  
  35  3:12  Drone x4  
  39  3:13  Queen  
  39  3:18  Drone  
  42  3:25  Drone  
  43  3:31  Queen  
  43  3:32  Queen  
  43  3:33  Overlord  
  47  3:35  Drone  
  48  3:51  Zergling x2  
  48  3:52  Overlord  
  48  3:54  Zergling x12  
  56  3:55  Drone  
  56  4:01  Drone  
  57  4:03  Overlord  
  57  4:06  Baneling Nest  
  57  4:07  Overlord, Drone  
  57  4:12  Drone x3  
  57  4:16  Overlord  
  60  4:22  Overlord  
  60  4:24  Drone x2  
  60  4:25  Overlord  
  60  4:29  Overlord  
  62  4:32  Drone  
  62  4:34  Spore Crawler  
  62  4:36  Queen  
  64  4:41  Spore Crawler, Drone  
  64  4:43  Drone x2  
  64  4:45  Drone  
  67  4:50  Drone x3  
  70  4:54  Baneling x3  
  70  4:59  Zergling x8  
  72  5:01  Baneling x2  
  71  5:08  Baneling x4  
  71  5:10  Zergling x12  
  71  5:12  Baneling  
  72  5:15  Zergling x6  
  72  5:18  Zergling x2  
  70  5:21  Zergling x2  
  70  5:23  Zergling x2  
  70  5:24  Queen  
  72  5:28  Drone  
  72  5:32  Drone x4  
  72  5:40  Drone x4  
  72  5:45  Extractor x2  
  72  5:46  Drone  
  72  5:47  Evolution Chamber  
  72  5:48  Evolution Chamber  
  69  5:50  Lair  
  69  5:51  Drone  
  69  5:53  Queen  
  69  5:54  Drone x2  
  74  6:05  Baneling  
  74  6:07  Overlord, Drone x2  
  76  6:12  Drone  
  76  6:15  Extractor  
  76  6:16  Drone x2  
  76  6:17  Extractor  
  77  6:18  Zerg Melee Weapons Level 1  
  77  6:19  Drone x2  
  77  6:20  Drone  
  77  6:25  Extractor  
  79  6:28  Zergling x6  
  79  6:32  Drone x3  
  84  6:34  Hatchery  
  84  6:38  Drone  
  84  6:39  Drone x2  
  86  6:42  Drone x2  
  86  6:43  Drone  
  88  6:48  Zerg Ground Armor Level 1  
  88  6:52  Overlord, Hydralisk Den  
  88  6:53  Overlord x2  
  87  6:54  Overlord  
  87  6:55  Pneumatized Carapace  
  87  6:57  Zergling x4  
  89  7:03  Zergling x2  
  89  7:05  Zergling x2  
  89  7:06  Queen  
  93  7:08  Baneling x2  
  93  7:09  Baneling  
  93  7:15  Zergling x8  
  95  7:30  Hydralisk x7, Grooved Spines  
  109  7:45  Drone x9  
  109  7:46  Infestation Pit  
  109  7:48  Hydralisk  
  109  7:51  Baneling x5  
  119  7:56  Hydralisk x3  
  119  7:57  Drone  
  126  8:08  Hydralisk  
  126  8:09  Zergling x14  
  135  8:17  Baneling x2  
  135  8:18  Drone x6  
  135  8:19  Baneling x8  
  141  8:20  Baneling  
  141  8:26  Overseer  
  140  8:27  Centrifical Hooks  
  140  8:29  Overlord  
  140  8:33  Zergling x24  
  128  8:42  Zergling x6  
  128  8:47  Extractor, Zerg Ground Armor Level 2  
  130  8:48  Extractor, Zerg Missile Weapons Level 1  
  130  8:52  Zergling x16  
  137  8:56  Baneling x5  
  137  9:00  Drone x2  
  137  9:01  Spore Crawler, Zergling x8  
  141  9:09  Zergling x4  
  147  9:10  Zergling x8  
  147  9:15  Muscular Augments  
  147  9:16  Hive  
  147  9:18  Zergling x10  
  152  9:25  Overlord  
  152  9:29  Overlord  
  152  9:30  Overlord x2  
  152  9:31  Overlord  
  152  9:32  Overlord x2  
  152  9:36  Baneling x5  
  152  9:38  Hatchery  
  150  9:40  Overlord  
  150  9:41  Overlord  
  150  9:43  Overseer  
  150  9:47  Overlord x2  
  150  9:52  Hydralisk x6  
  162  9:53  Spire  
  160  10:00  Hydralisk x2  
  160  10:01  Zergling x10  
  160  10:04  Overlord  
  169  10:07  Baneling x8  
  169  10:08  Baneling x2  
  169  10:12  Baneling x3  
  167  10:16  Zergling x16  
  167  10:20  Baneling x6  
  172  10:22  Zergling x4  
  153  10:29  Hydralisk x4  
  152  10:44  Viper x2  
  152  10:46  Baneling x6  
  152  10:49  Overseer  
  158  10:50  Zergling x14  
  158  10:51  Hatchery  
  158  10:54  Zergling x8  
  168  11:00  Zerg Melee Weapons Level 2  
  168  11:02  Zergling x10  
  168  11:04  Overseer  
  173  11:10  Zergling x2  
  173  11:11  Zergling x20  
  174  11:13  Overseer  
  165  11:19  Hatchery  
  165  11:22  Zergling x16  
  165  11:27  Greater Spire  
  165  11:30  Zergling x6  
  168  11:36  Overseer  
  168  11:37  Zerg Ground Armor Level 3  
  168  11:40  Baneling x7  
  168  11:51  Hydralisk x5  
  162  12:01  Hydralisk x4  
  162  12:02  Zergling x2  
  162  12:06  Baneling  
  162  12:07  Baneling x6  
  170  12:10  Zergling x6  
  167  12:17  Zergling x6  
  167  12:18  Zergling x6  
  168  12:30  Corruptor x3  
  168  12:42  Corruptor x2  
  163  12:55  Extractor, Corruptor  
  163  12:56  Extractor, Overseer  
  163  13:03  Queen  
  162  13:16  Brood Lord x5  
  162  13:17  Zergling x22  
  182  13:21  Baneling  
  182  13:22  Baneling x11  
  182  13:34  Zergling x26  
  180  13:37  Baneling x5  
  180  13:39  Drone  
  188  13:48  Brood Lord  
  176  14:05  Zergling x20  
  176  14:06  Zergling x14  
  180  14:12  Zergling x10  
  180  14:14  Overlord  
  177  14:20  Overlord  
  177  14:21  Overlord  
  175  14:28  Viper x3  
  184  14:31  Viper  
  184  14:36  Baneling x6  
  187  14:40  Baneling x7  
  187  14:46  Baneling  
  187  14:47  Baneling x7  
  182  15:13  Queen  
  184  15:17  Overseer x2  
  184  15:22  Corruptor x4  
  184  15:24  Zerg Flyer Armor Level 1  
  184  15:28  Spore Crawler, Drone  
  193  15:31  Hatchery  
  190  15:35  Hydralisk  
  190  15:36  Hydralisk x2  
  190  15:41  Baneling x6  
  188  15:55  Corruptor x5  
  182  16:19  Unknown x2  
  182  16:20  Hydralisk x8  
  182  16:23  Hydralisk  
  191  16:32  Unknown  
  175  16:41  Brood Lord  
  174  16:59  Pathogen Glands  
  174  17:00  Hatchery  
  172  17:08  Brood Lord  
  172  17:09  Brood Lord  
  171  17:19  Brood Lord x3  
  177  17:26  Baneling x9  
  177  17:30  Infestor  
  177  17:36  Overseer x2  
  179  17:40  Hatchery  
  167  17:49  Infestor  
  167  17:50  Infestor x3  
  166  17:52  Unknown  
  166  17:56  Infestor  
  166  17:57  Infestor  
  162  18:06  Infestor  
  162  18:07  Infestor  
  166  18:21  Brood Lord, Overseer  
  166  18:26  Corruptor x2  
  172  18:29  Drone  
  172  18:30  Drone  
  174  18:39  Burrow  
  168  18:54  Overseer  
  168  18:55  Overseer  
  166  18:57  Infestor x2  
  169  19:03  Infestor  
  169  19:04  Infestor  
  169  19:09  Zergling x28  
  181  19:15  Zergling x8  
  189  19:34  Corruptor x2  
  193  19:43  Brood Lord x2  
  191  19:45  Overseer  
  191  19:46  Overseer  
  191  19:51  Baneling x10  
  191  20:01  Overseer x4  
  189  20:27  Unknown  
  187  20:52  Overlord x4  
  187  21:07  Overlord  
  187  21:16  Corruptor x5  
  187  21:17  Hatchery  
  193  21:33  Corruptor x3  
  197  22:14  Overseer x3  
  197  22:15  Overlord x3, Overseer  
  196  22:20  Extractor  
  195  22:35  Corruptor x3  
  191  22:43  Unknown  
  188  22:45  Corruptor  
  188  22:46  Corruptor x6  
  188  22:57  Baneling x5  
  184  22:59  Corruptor x7  
  181  23:33  Zergling x42  
  161  23:41  Overseer  
  161  23:43  Zergling x2  
  162  23:56  Extractor  
  161  24:07  Drone x3  
  164  24:11  Baneling x5  
  164  24:12  Baneling x8  
  163  24:17  Hatchery  
  163  24:18  Extractor  
  163  24:22  Extractor  
  160  24:40  Brood Lord  
  160  24:42  Brood Lord x3  
  167  25:21  Viper  
  169  25:28  Zerg Flyer Weapons Level 1  
  169  25:30  Infestor  
  169  25:34  Zergling x2  
  169  25:35  Zergling x28  
  186  25:40  Spore Crawler x2  
  184  25:56  Overseer  
  184  26:13  Baneling x12  
  184  26:23  Drone x3  
  187  26:28  Spine Crawler  
  187  26:30  Spine Crawler x2  
  187  26:31  Spine Crawler x2  
  182  26:35  Queen  
  182  26:37  Corruptor x3  
  190  26:45  Corruptor x4  
  198  26:53  Corruptor  
  198  26:58  Hatchery  
  183  28:23  Unknown  
Tags
 
Add a new tag
Caveats
  • Supply blocks, unpowered buildings, or Contaminate may cause inaccurate times.
  • Supply counts are checked every 10 seconds.